 Dungeon Crawl Stone Soup version 0.30-a0-956-gcec3b41aec (webtiles) character file.

Game seed: 4471245811324154871

120 vishdafish the Conjurer (level 4, -3/30 HPs)
             Began as a Demonspawn Conjurer on Mar 29, 2023.
             Slain by a gnoll
             ... wielding a +0 spear
              (5 damage)
             ... on level 3 of the Dungeon.
             The game lasted 00:03:25 (2551 turns).

vishdafish the Conjurer (Demonspawn Conjurer)       Turns: 2551, Time: 00:03:26

Health: -3/30      AC: 11    Str:  6 (8)  XL:     4   Next: 75%
Magic:  9/9        EV: 12    Int: 22 (24) God:
Gold:   154        SH:  5    Dex: 10 (11) Spells: 8/9 levels left

rFire   . . .      SeeInvis .    l - +9 dagger of Symnat {heavy, rC+ Int+3}
rCold   + . .      Faith    .    (no shield)
rNeg    . . .      Spirit   .    a - +0 robe
rPois   .          Reflect  +    (no helmet)
rElec   .          Rampage  .    (no cloak)
rCorr   .                        (no gloves)
Will    .....                    (no boots)
Stlth   ++                       q - amulet of reflection
HPRegen 0.25/turn                v - +4 ring of slaying
MPRegen 0.11/turn                r - +4 ring of slaying

@: brilliant, sanguine armoured
A: sanguine armour 2
a: no special abilities


You were on level 3 of the Dungeon.
You visited 1 branch of the dungeon, and saw 3 of its levels.

You collected 154 gold pieces.

Inventory:

Hand Weapons
 l - the +9 dagger of Symnat (weapon) {heavy, rC+ Int+3}
   (You found it on level 2 of the Dungeon)

   Int:       It affects your intelligence (+3).
   rC:        It protects you from cold.
 o - a +1 dagger of venom
Armour
 a - a +0 robe (worn)
Jewellery
 c - a +6 ring of intelligence
 q - an amulet of reflection (around neck)
 r - a +4 ring of slaying (right hand)
 v - a +4 ring of slaying (left hand)
Wands
 t - a wand of flame (14)
Scrolls
 d - 2 scrolls of vulnerability {unknown}
 g - 2 scrolls of blinking {unknown}
 h - a scroll of magic mapping {unknown}
 i - 4 scrolls of identify {unknown}
 n - a scroll of enchant weapon {unknown}
 p - 2 scrolls of immolation {unknown}
 s - a scroll of enchant armour {unknown}
Potions
 f - a potion of attraction {unknown}
 j - 2 potions of curing {unknown}
 k - a potion of haste {unknown}
 m - 3 potions of might {unknown}
 u - a potion of heal wounds {unknown}
 w - a potion of mutation {unknown}


   Skills:
 + Level 0.8 Short Blades
 - Level 1.8 Dodging
 - Level 1.8 Stealth
 - Level 3.3 Spellcasting
 - Level 5.1 Conjurations


You had 8 spell levels left.
You knew the following spells:

 Your Spells              Type           Power      Damage    Failure   Level
a - Magic Dart            Conj           100%       1d8       1%          1

Your spell library contained the following spells:

 Spells                   Type           Power      Damage    Failure   Level
 Searing Ray              Conj           78%        2d7       2%          2
 Dazzling Flash           Conj/Hex       44%        N/A       13%         3
 Lesser Beckoning         Tloc           10%        N/A       19%         2
 Gell's Gravitas          Tloc           5%         N/A       34%         3
 Teleport Other           Tloc           5%         N/A       34%         3
 Fulminant Prism          Conj/Hex       11%        3d8       38%         4
 Iskenderun's Mystic Bla  Conj/Tloc      22%        2d6       38%         4


Dungeon Overview and Level Annotations

Branches:
Dungeon (3/15)

Altars:
Wu Jian


Innate Abilities, Weirdness & Mutations

When seriously injured, your blood forms thick armour. (AC +9)


Message History

There is an open door here.
You open the door.
There is an open door here.
You open the door.
There is an open door here.
You now have 129 gold pieces (gained 12).
You now have 145 gold pieces (gained 16).
There is an open door here.
There is an open door here.
There is an open door here.
You open the door.
There is an open door here.
i - 4 scrolls labelled TEXZE LUAV (gained 1)
Found a whip.
You see here a +0 whip.
You now have 154 gold pieces (gained 9). 2 gnolls come into view.
Found 12 gold pieces and a hand axe.
The gnoll shouts! x2
There are monsters nearby!
Found a hand axe and a scroll labelled IWOMUR AGYDELA.
A gnoll comes into view. It is wielding a +0 spear.
Found a hand axe.
The gnoll shouts!
The gnoll hits you from afar with a +0 spear!
The gnoll hits you with a +0 spear!
Your blood congeals into armour.
The gnoll hits you with a +0 whip.
The gnoll hits you from afar with a +0 spear!
* * * LOW HITPOINT WARNING * * *
It was a potion of brilliance.
You feel clever all of a sudden. The gnoll hits you but does no damage.
You block the gnoll's attack.
You feel more clever all of a sudden. The gnoll closely misses you.
The gnoll hits you with a +0 whip.
* * * LOW HITPOINT WARNING * * *
It was a potion of degeneration.
There was something very wrong with that liquid.
You feel weakened.
You feel dopey.
You feel clumsy.
The gnoll hits you from afar with a +0 spear.
You die...

♣.###+###.♣
#.#
........)
#.# .?♣....
#.# ♣)..♣.♣
####.#####
.....
###.........
♣...♣
#...########
♣gg)♣ ##.###
♣g♣ #..# ♣@♣
##.##
#.###..#
#.....##
#######


You could see 3 gnolls.

Vanquished Creatures
  Jessica (D:3)
  An adder (D:2)
  A gnoll (D:1)
  A worm (D:3)
  3 dart slugs
  3 orcs (D:3)
  3 ball pythons (D:2)
  3 bats
  8 endoplasms
  5 giant cockroaches
  5 goblins
  5 hobgoblins
  5 jackals
  A quokka (D:1)
  2 frilled lizards (D:1)
  7 kobolds
  3 rats
57 creatures vanquished.

Notes
Turn   | Place    | Note
-------+----------+-------------------------------------------
     0 | D:1      | vishdafish the Demonspawn Conjurer began the quest for the
                  | Orb.
     0 | D:1      | Reached XP level 1. HP: 13/13 MP: 3/3
   208 | D:1      | Gained mutation: When seriously injured, your blood forms
                  | armour. (AC +9) [demonic ancestry]
   208 | D:1      | Reached XP level 2. HP: 19/19 MP: 1/5
   303 | D:1      | You fall into a shaft and drop 1 floor!
   493 | D:1      | Reached XP level 3. HP: 9/24 MP: 3/6
  1330 | D:2      | Identified the +9 dagger of Symnat {heavy, rC+ Int+3}
  1491 | D:2      | Gained mutation: When seriously injured, your blood forms
                  | thick armour. (AC +9) [demonic ancestry]
  1491 | D:2      | Reached XP level 4. HP: 30/30 MP: 4/8
  1844 | D:3      | Found an ornate altar of the Wu Jian Council.
  1873 | D:3      | Noticed Jessica
  1881 | D:3      | Killed Jessica
  1882 | D:3      | Reached skill level 5 in Conjurations
  2550 | D:3      | HP: 1/30 [gnoll/+0 whip (4)]
  2551 | D:3      | Slain by a gnoll

Illustrated notes

Levels and vault maps discovered:
D:1:      ebering_trefoil_3fold, layout_loops_ring, grunt_decor_arrowhead
D:2:      layout_basic
D:3:      layout_basic, old_standard_altar, pf_guarded_unrand_woodcutter,
          uniq_jessica

Skill      XL: |  1  2  3  4 |
---------------+-------------+-----
Spellcasting   | 3 |  3.3
Conjurations   | 5 |  5.1
Short Blades   | |  0.8
Dodging        | |  1.8
Stealth        | |  1.8

Action                     |  1- 3 |  4- 6 || total
---------------------------+-------+-------++-------
  Melee: Unarmed           |    46 |       ||    46
         Dagger            |     9 |    27 ||    36
   Cast: Magic Dart        |    69 |     4 ||    73
    Use: Potion            |     3 |     3 ||     6
 Armour: Robe              |    18 |     9 ||    27
  Dodge: Dodged            |    50 |     9 ||    59
  Block: Other             |       |     3 ||     3

Table legend: (Time is in decaauts)
 A = Elapsed time spent in this place.
 B = Non-inter-level travel time spent in this place.
 C = Inter-level travel time spent in this place.
 D = Time resting spent in this place.
 E = Time spent auto-exploring this place.
 F = Levels seen in this place.
 G = Mean time per level.
                   A        B        C        D        E       F      G
               +--------+--------+--------+--------+--------+-----+--------+
         Total |   2572 |   2504 |     68 |      0 |   2152 |   3 |  857.3 |
       Dungeon |   2572 |   2504 |     68 |      0 |   2152 |   3 |  857.3 |
               +--------+--------+--------+--------+--------+-----+--------+

Top non-repeatable levels by time:
     D:1: 1174 daAuts
     D:3: 717 daAuts
     D:2: 680 daAuts
